AoeStats
← Jarl

Arena

509426412Analyzed
4v4 RM · 5d ago on Sep 26, 2026· 49m 18s· 8 players
Game mode
Random Map
Map size
Large (8 player)
Population
200
Speed
Normal
Resources
Standard
Victory
Conquest
Starting age
Dark Age
Ending age
Imperial Age
RankedLock teamsTeams togetherTeam positionsShared explorationLock speedFull tech treeHidden civsTurbo modeCheats
Victory
Defeat
🇨🇭 Bulgarians · Switzerland
1244
+16
🇹🇼 Vietnamese · Taiwan
1234
+16
🇨🇱 Vikings · Chile
1203
+18
🇸🇪 Dravidians · Sweden
1166
+19
🇦🇷 Hindustanis · Argentina
1316
-20
🇦🇷 Lithuanians · Argentina
1253
-18
🇪🇸 Japanese · Spain
1226
-17
🇦🇷 Georgians · Argentina
1157
-14
Rokototo
9:28 Feudal Age
15:41 Castle Age
13:47 Horse Collar
19:24 Double-Bit Axe
24:44 Treadmill Crane
29:07 Imperial Age
26:49 Scale Mail Armor
26:53 Devotion
27:18 Heavy Plow
28:13 Chain Mail Armor
28:43 Forging
28:28 Stone Mining
28:53 Bow Saw
28:52 Loom
28:54 Town Watch
30:05 Iron Casting
29:17 Onager
30:36 Plate Mail Armor
30:43 Crop Rotation
31:24 Two-Man Saw
31:22 Caravan
32:47 Conscription
32:27 Chieftains
34:23 Hoardings
34:58 Blast Furnace
34:17 Elite Berserk
37:51 Fletching
38:11 Town Patrol
38:23 Capped Ram
39:12 Arson
45:00 Squires
Pancho
10:40 Feudal Age
11:57 Loom
15:13 Castle Age
14:55 Scale Barding Armor
20:01 Double-Bit Axe
23:35 Bow Saw
23:30 Horse Collar
24:02 Bow Saw
29:31 Imperial Age
27:22 Scale Mail Armor
27:32 Forging
28:17 Wheelbarrow
27:27 Town Watch
27:59 Squires
27:29 Pikeman
28:43 Chain Mail Armor
29:03 Iron Casting
29:10 Iron Casting
30:58 Plate Mail Armor
31:28 Blast Furnace
31:50 Fletching
32:45 Padded Archer Armor
32:49 Capped Ram
34:09 Leather Archer Armor
33:38 Halberdier
34:24 Siege Ram
36:40 Bodkin Arrow
37:16 Elite Skirmisher
39:37 Bracer
41:18 Ballistics
43:43 Chemistry
48:07 Imperial Skirmisher
Jarl
5:05 Loom
11:29 Feudal Age
15:38 Castle Age
14:55 Double-Bit Axe
17:49 Wheelbarrow
19:23 Horse Collar
21:46 Bow Saw
22:02 Heavy Plow
22:06 Stone Mining
23:40 Gold Mining
24:34 Hand Cart
30:41 Imperial Age
28:58 Husbandry
30:05 Ballistics
30:10 Fletching
30:21 Padded Archer Armor
32:04 Conscription
31:56 Thumb Ring
33:06 Chemistry
31:59 Elite Elephant Archer
33:06 Bodkin Arrow
33:26 Leather Archer Armor
34:07 Medical Corps
34:06 Bracer
34:36 Ring Archer Armor
38:07 Ring Archer Armor
37:43 Scale Barding Armor
43:58 Chain Barding Armor
43:50 Forging
43:41 Scale Mail Armor
47:38 Two-Man Saw
46:34 Siege Elephant
48:38 Iron Casting
48:19 Chain Mail Armor
DCCHEN
3:52 Loom
11:14 Feudal Age
11:48 Horse Collar
15:58 Castle Age
14:14 Double-Bit Axe
17:14 Bow Saw
17:06 Heavy Plow
20:14 Wheelbarrow
21:06 Gold Mining
22:10 Stone Mining
25:21 Ballistics
25:09 Fletching
30:12 Imperial Age
28:41 Hand Cart
29:08 Padded Archer Armor
29:45 Thumb Ring
30:36 Bodkin Arrow
31:14 Leather Archer Armor
32:13 Two-Man Saw
30:37 Elite Rattan Archer
31:51 Bracer
32:22 Ring Archer Armor
33:04 Paper Money
33:47 Chemistry
33:49 Hoardings
33:26 Forging
33:16 Scale Mail Armor
32:47 Pikeman
33:24 Halberdier
34:06 Scale Mail Armor
34:42 Iron Casting
35:09 Squires
36:34 Chain Mail Armor
37:25 Arson
41:15 Masonry
40:48 Treadmill Crane
DOCCT | NahueDepino
10:35 Feudal Age
14:25 Castle Age
12:48 Double-Bit Axe
13:18 Horse Collar
16:49 Wheelbarrow
16:56 Bow Saw
22:30 Heavy Plow
23:17 Gold Mining
25:45 Hand Cart
30:15 Imperial Age
28:43 Fletching
28:59 Scale Barding Armor
29:27 Ballistics
29:44 Bodkin Arrow
31:31 Chain Barding Armor
31:12 Bracer
32:14 Chemistry
31:34 Heavy Cavalry Archer
32:55 Parthian Tactics
33:27 Bloodlines
33:17 Husbandry
43:32 Onager
DOCCT | SaantiOtaal
8:15 Loom
10:08 Feudal Age
14:16 Castle Age
12:04 Double-Bit Axe
13:12 Horse Collar
22:22 Fervor
21:45 Light Cavalry
22:22 Loom
24:01 Scale Barding Armor
24:52 Sanctity
24:57 Husbandry
25:21 Bow Saw
25:31 Forging
27:56 Wheelbarrow
28:30 Bloodlines
32:20 Imperial Age
30:43 Padded Archer Armor
32:32 Gold Mining
32:49 Heavy Plow
34:07 Chemistry
33:42 Conscription
33:40 Leather Archer Armor
41:52 Block Printing
43:38 Chain Barding Armor
43:53 Iron Casting
44:39 Murder Holes
44:50 Siege Engineers
45:48 Plate Barding Armor
DOCCT | Nicolax
10:06 Feudal Age
15:38 Castle Age
14:28 Horse Collar
20:30 Fervor
22:53 Double-Bit Axe
24:30 Bloodlines
24:21 Husbandry
24:28 Loom
24:30 Town Watch
25:23 Scale Barding Armor
26:54 Sanctity
27:07 Husbandry
28:41 Wheelbarrow
28:49 Chain Barding Armor
28:40 Forging
32:04 Imperial Age
31:57 Heavy Plow
32:36 Gold Mining
33:34 Iron Casting
33:05 Cavalier
35:43 Bow Saw
37:01 Paladin
39:27 Hand Cart
38:53 Light Cavalry
42:07 Plate Barding Armor
43:38 Winged Hussar
48:24 Fletching
DOCCT | Señor X
10:41 Feudal Age
15:21 Castle Age
13:45 Horse Collar
14:03 Double-Bit Axe
17:01 Heavy Plow
26:14 Gold Mining
26:53 Bow Saw
30:10 Imperial Age
28:37 Scale Barding Armor
28:32 Scale Mail Armor
29:16 Scale Mail Armor
29:26 Forging
29:55 Husbandry
30:16 Cavalier
32:00 Wheelbarrow
33:18 Chain Mail Armor
33:23 Chain Barding Armor
33:18 Chain Mail Armor
36:31 Light Cavalry
37:32 Bloodlines
Connection lost

Rejoining the realm…

Still unreachable

The connection could not be restored.

Session expired

The server has moved on; the page needs a fresh start.